 Dungeon Crawl Stone Soup version 0.29-a0-82-g837932c90e (webtiles) character file.

Game seed: 2327430506870691361

85 HallandMoats the Skirmisher (level 4, 0/29 HPs)
             Began as a Gargoyle Monk on Feb 4, 2022.
             Was a Priest of Nemelex Xobeh.
             Slain by a gnoll (2 damage)
             ... on level 3 of the Dungeon.
             The game lasted 00:03:32 (2482 turns).

HallandMoats the Skirmisher (Gargoyle Monk)         Turns: 2482, Time: 00:03:32

Health: 0/29       AC:  7    Str: 16    XL:     4   Next: 48%
Magic:  4/4        EV: 12    Int: 11    God:    Nemelex Xobeh [***...]
Gold:   19         SH:  0    Dex: 12    Spells: 3/3 levels left

rFire   . . .      SeeInvis .   a - +0 hand axe
rCold   . . .      Faith    .   (no shield)
rNeg    + . .      Spirit   .   b - +1 robe
rPois   ∞          Reflect  .   g - +1 hat
rElec   +          Harm     .   (no cloak)
rCorr   .          Rampage  .   (no gloves)
Will    .....                   (no boots)
Stlth   ++........              f - amulet of the acrobat
HPRegen 0.09/turn               (no ring)
MPRegen 0.09/turn               (no ring)

@: no status effects
A: sickness immunity, AC +3, negative energy resistance 1, electricity
resistance, torment resistance 1, petrification resistance
a: Renounce Religion, Draw Escape, Draw Destruction, Draw Summoning, Triple Draw


You were on level 3 of the Dungeon.
You worshipped Nemelex Xobeh.
Nemelex Xobeh was most pleased with you.
You visited 1 branch of the dungeon, and saw 3 of its levels.

You collected 61 gold pieces.
You spent 42 gold pieces at shops.

Inventory:

Hand Weapons
 a - a +0 hand axe (weapon)
Armour
 b - a +1 robe (worn)
 g - a +1 hat (worn)
Jewellery
 f - an amulet of the acrobat (around neck)
Scrolls
 c - 2 scrolls of teleportation
 d - a scroll of enchant armour
Potions
 e - a potion of heal wounds {unknown}
 h - a potion of curing


   Skills:
 * Level 4.2 Fighting
 * Level 3.5 Axes
 + Level 1.4 Armour
 + Level 2.7 Dodging
 - Level 2.1 Stealth


You had 3 spell levels left.
You didn't know any spells.
Your spell library was empty.

Dungeon Overview and Level Annotations

Branches:
Dungeon (3/15)

Altars:
Nemelex Xobeh

Shops:
D:2 [=!


Innate Abilities, Weirdness & Mutations

You are immune to sickness and miasma.
Your stone body is resilient. (AC +3)
You are immune to poison.
You resist negative energy. (rN+)
You are resistant to electric shocks. (rElec)
You are resistant to unholy torment.
You are immune to petrification.


Message History

No target in view!
No target in view!
No target in view!
No target in view!
No target in view!
No target in view!
No target in view!
No target in view!
No target in view!
No target in view!
A worm comes into view.
A worm is nearby!
A worm is nearby!
A worm is nearby!
A worm is nearby!
A worm is nearby! 3 gnolls, an adder and a hobgoblin come into view.
The gnoll shouts! x2; The hobgoblin shouts!
The adder hisses angrily.
The gnoll hits you but does no damage.
You hit the gnoll.
The gnoll is moderately wounded.
The gnoll closely misses you. The gnoll hits you but does no damage.
The gnoll hits you from afar with a +0 halberd!
You hit the gnoll.
The gnoll is severely wounded.
You hit the gnoll. You barely miss the adder. The adder barely misses you.
The gnoll hits you but does no damage. The gnoll misses you.
The adder barely misses you.
The gnoll hits you from afar with a +0 halberd.
The gnoll hits you with a +0 whip.
You draw a card...
You have drawn the Pentagram.
A goblin comes into view. It is wielding a +0 dagger.
The adder bites you.
* * * LOW HITPOINT WARNING * * *
The gnoll misses you.
The gnoll hits you from afar with a +0 halberd.
* * * LOW HITPOINT WARNING * * *
The gnoll hits you with a +0 whip.
You die...
Your body disappears without a glow.

...###.##......#####.###
#>.>...................
#.###.##......###.....#
#.#####...........#
#####.# #.####......#
......#####.# #......#
##......# #.#.^...
#.####### #.#.....
#@Sg..... #.#.....
#ggh..... .wg4.....
.........g #..........
#.......... #...#######
#####


You could see a worm, 3 gnolls, an adder, a hobgoblin, a goblin, a friendly rust
devil (summoned) and a friendly hell hound (summoned).

Vanquished Creatures
  A gnoll (D:1)
  2 adders (D:2)
  2 worms
  An orc (D:3)
  A bat (D:3)
  4 endoplasms
  3 giant cockroaches
  5 goblins
  5 hobgoblins
  3 jackals (D:1)
  5 ball pythons
  4 frilled lizards
  8 kobolds
  6 rats (D:2)
50 creatures vanquished.

Vanquished Creatures (others)
  12 plants (D:2)
12 creatures vanquished.

Grand Total: 62 creatures vanquished

Notes
Turn   | Place    | Note
-------+----------+-------------------------------------------
     0 | D:1      | HallandMoats the Gargoyle Monk began the quest for the Orb.
     0 | D:1      | Reached XP level 1. HP: 14/14 MP: 1/1
   407 | D:1      | Reached XP level 2. HP: 12/19 MP: 2/2
   743 | D:1      | Reached XP level 3. HP: 20/24 MP: 3/3
  1067 | D:1      | Reached skill level 1 in Armour
  1363 | D:2      | Found Kawig's Jewellery Shop.
  1373 | D:2      | Reached skill level 4 in Fighting
  1562 | D:2      | Found a faded altar of an unknown god.
  1562 | D:2      | Noticed a great orb of eyes
  1585 | D:2      | Reached XP level 4. HP: 15/29 MP: 4/4
  1671 | D:2      | Noticed an eye of devastation
  1698 | D:2      | Noticed an eye of devastation
  1698 | D:2      | Noticed a shining eye
  1831 | D:2      | Prayed at the altar of an unknown god.
  1831 | D:2      | Became a worshipper of Nemelex Xobeh the Trickster
  1831 | D:2      | Reached * piety under Nemelex Xobeh
  1831 | D:2      | Received a gift from Nemelex Xobeh
  1831 | D:2      | Reached ** piety under Nemelex Xobeh
  1831 | D:2      | Received a gift from Nemelex Xobeh
  1937 | D:2      | Found Hozxoh's Distillery.
  1950 | D:2      | Bought a potion of curing for 42 gold pieces
  2029 | D:2      | Found Xodyofyc's Antique Armour Shop.
  2115 | D:2      | Received a gift from Nemelex Xobeh
  2125 | D:2      | Reached *** piety under Nemelex Xobeh
  2482 | D:3      | Slain by a gnoll

Illustrated notes

Levels and vault maps discovered:
D:1:      dpeg_arrival_arbitrary_c, layout_loops_ring
D:2:      layout_basic, hellmonk_ecumenical_altar_watching_god, serial_shops,
          shop, shop, shop, lexackson_kobold_supper
D:3:      layout_basic, nicolae_gozag_cash_rules_everything_around_me,
          chequers_serial_rivers_marsh

Skill      XL: |  1  2  3 |
---------------+----------+-----
Axes           | 3 |  3.5
Armour         | 1 |  1.4
Fighting       | 4 |  4.2
Dodging        | |  2.7
Stealth        | |  2.1

Action                   |  1- 3 |  4- 6 || total
-------------------------+-------+-------++-------
Melee: Hand axe          |   114 |    67 ||   181
       Punch             |     1 |     1 ||     2
Invok: Draw Summoning    |       |     1 ||     1
  Use: Scroll            |       |     2 ||     2
 Stab: Sleeping          |     3 |     3 ||     6
Armor: Robe              |    38 |    29 ||    67
Dodge: Dodged            |    78 |    38 ||   116

Table legend: (Time is in decaauts)
 A = Elapsed time spent in this place.
 B = Non-inter-level travel time spent in this place.
 C = Inter-level travel time spent in this place.
 D = Time resting spent in this place.
 E = Time spent auto-exploring this place.
 F = Levels seen in this place.
 G = Mean time per level.
                   A        B        C        D        E       F      G
               +--------+--------+--------+--------+--------+-----+--------+
         Total |   2518 |   2475 |     43 |    534 |   1429 |   3 |  839.3 |
       Dungeon |   2518 |   2475 |     43 |    534 |   1429 |   3 |  839.3 |
               +--------+--------+--------+--------+--------+-----+--------+

Top non-repeatable levels by time:
     D:1: 1356 daAuts
     D:2: 919 daAuts
     D:3: 242 daAuts
